 Dungeon Crawl Stone Soup version 0.22-a0-248-gc8378ba (console) character file.

82 toffzen the Ducker (level 4, 0/37 HPs)
             Began as a Minotaur Necromancer on Feb 28, 2018.
             Slain by an orc
             ... wielding a +0 war axe
              (2 damage)
             ... on level 3 of the Dungeon.
             The game lasted 00:06:29 (3193 turns).

toffzen the Ducker (Minotaur Necromancer)           Turns: 3193, Time: 00:06:29

Health: 0/37       AC:  8    Str: 14    XL:     4   Next: 21%
Magic:  5/5        EV: 12    Int: 12    God:
Gold:   74         SH:  0    Dex: 12    Spells: 4/5 levels left

rFire    . . .     SeeInvis .   a - +0 mace
rCold    . . .     Gourm    .   (no shield)
rNeg     . . .     Faith    .   o - +0 ring mail
rPois    +         Spirit   .   (helmet restricted)
rElec    .         Reflect  .   (no cloak)
rCorr    .         Harm     .   l - +2 pair of gloves
MR       .....     Rnd*Tele +   (no boots)
Stlth    +.........             (no amulet)
HPRegen  0.12/turn              f - ring of teleportation (curse)
MPRegen  0.09/turn              (no ring)

@: no status effects
A: retaliatory headbutt, horns 2, poison resistance, strong 1
a: no special abilities


You were on level 3 of the Dungeon.
You were hungry.

You visited 1 branch of the dungeon, and saw 3 of its levels.

You collected 74 gold pieces.

Inventory:

Hand Weapons
 a - a +0 mace (weapon)
Missiles
 b - 30 sling bullets
 d - 141 stones (quivered)
 j - 52 arrows
Armour
 l - a +2 pair of gloves (worn)
 o - a +0 ring mail (worn)
Jewellery
 f - a cursed ring of teleportation (left hand)
Scrolls
 c - a scroll of immolation
 q - 3 scrolls of enchant armour
Potions
 e - a potion of degeneration
 g - a potion of magic
 h - a potion of agility {unknown}
 k - a potion of heal wounds {unknown}
 m - a potion of mutation
 p - a potion of brilliance {unknown}
Comestibles
 n - 3 rations


   Skills:
 + Level 2.4 Fighting
 + Level 0.8 Maces & Flails
 + Level 2.4 Armour
 + Level 3.3 Dodging
 - Level 1.5 Stealth
 - Level 1.3 Spellcasting
 - Level 2.9 Necromancy


You had 4 spell levels left.
You knew the following spells:

 Your Spells              Type           Power        Failure   Level  Hunger
a - Pain                  Necr           #...         17%         1    ##.....


Dungeon Overview and Level Annotations

Branches:
Dungeon (3/15)

Altars:
Ru
Wu Jian

Annotations:
D:3 Grinder


Innate Abilities, Weirdness & Mutations

You reflexively headbutt those who attack you in melee.
You have a pair of horns on your head.
Your system is resistant to poisons. (rPois)
Your muscles are strong. (Str +2)


Message History

The orc wizard is heavily wounded.
The orc wizard barely misses you.
The orc wizard hits you but does no damage.
You hit the orc wizard.
The orc wizard is severely wounded.
The orc wizard hits you but does no damage.
You hit the orc but do no damage.
The orc priest mumbles some strange prayers to Beogh against you.
Beogh smites you! The orc hits you with a war axe!
You closely miss the orc.
The orc priest invokes the aid of Beogh against you.
Beogh smites you!
* * * LOW HITPOINT WARNING * * *
The orc hits you but does no damage.
You hit the orc but do no damage. The orc closely misses you.
You feel extremely strange.
You feel resistant to poisons.
You feel stronger.
The orc priest looks braver for a moment.
The orc hits you with a war axe.
You die...

#####.#.# ....#.#.##
#......###.#
#....#.....# #.....#
##.#.## #.#.#
##########.#.########.#
...........#....@oooo.#
#######################


You could see an orc priest, an orc wizard and 2 orcs.

Vanquished Creatures
  2 adders (D:2)
  2 oozes (D:2)
  2 worms (D:2)
  A dart slug (D:1)
  4 leopard geckos
  A giant cockroach (D:1)
  4 goblins
  3 hobgoblins
  A quokka (D:2)
  A ball python (D:3)
  8 bats
  2 frilled lizards
  6 kobolds
  11 rats
48 creatures vanquished.

Notes
Turn   | Place    | Note
-------+----------+-------------------------------------------
     0 | D:1      | toffzen the Minotaur Necromancer began the quest for the Orb.
     0 | D:1      | Reached XP level 1. HP: 14/14 MP: 1/1
   346 | D:1      | Reached skill level 1 in Fighting
   346 | D:1      | Reached skill level 1 in Armour
   371 | D:1      | Reached XP level 2. HP: 20/23 MP: 3/3
  1767 | D:2      | Reached XP level 3. HP: 29/29 MP: 4/4
  1811 | D:2      | Reached skill level 3 in Dodging
  1825 | D:2      | Found an ornate altar of the Wu Jian Council.
  2815 | D:2      | Reached XP level 4. HP: 37/37 MP: 5/5
  2829 | D:2      | Found a sacrificial altar of Ru.
  3041 | D:3      | Noticed Grinder
  3193 | D:3      | Gained mutation: Your system is resistant to poisons. (rPois) [potion of mutation]
  3193 | D:3      | Gained mutation: Your muscles are strong. (Str +2) [potion of mutation]
  3193 | D:3      | Slain by an orc

Vault maps used:
D:1:      dpeg_arrival_prison
D:2:      lemuel_doored_altar, marbit_many_paths
D:3:      led_sif_pool, lemuel_statue_altar, uniq_ijyb, uniq_jessica,
          uniq_robin, uniq_grinder

Skill      XL: |  1  2  3 |
---------------+----------+-----
Fighting       | 1 2 |  2.4
Armour         | 1 2 |  2.4
Dodging        | 3 |  3.3
Maces & Flails | |  0.8
Stealth        | |  1.5
Spellcasting   | |  1.3
Necromancy     | |  2.9

Action                   |  1- 3 |  4- 6 || total
-------------------------+-------+-------++-------
Melee: Unarmed           |    49 |       ||    49
       Headbutt          |    20 |     3 ||    23
       Whip              |    68 |       ||    68
       Dagger            |    11 |       ||    11
       Mace              |    18 |    15 ||    33
Throw: Stone             |     1 |       ||     1
  Use: Scroll            |     6 |       ||     6
       Potion            |       |     1 ||     1
 Stab: Sleeping          |     4 |       ||     4
  Eat: Ration            |     1 |       ||     1
       Chunk             |     3 |       ||     3
Armor: Robe              |    15 |       ||    15
       Ring mail         |    20 |     9 ||    29
Dodge: Dodged            |    78 |     8 ||    86

Table legend:
 A = Spawn XP
 B = Non-spawn XP
 C = Spawn XP percentage of total XP
 D = Spawn monster count
 E = Non-spawn monster count
 F = Spawn count percentage of total count
 G = Total turns spent on level
                    A         B        C        D         E        F      G
               +---------+---------+-------+---------+---------+-------+---------
         Total |       0 |     118 |   0.0 |       0 |      48 |   0.0 |  3193
               +---------+---------+-------+---------+---------+-------+---------
           D:1 |       0 |      38 |   0.0 |       0 |      25 |   0.0 |  1610
           D:2 |       0 |      77 |   0.0 |       0 |      21 |   0.0 |  1477
           D:3 |       0 |       3 |   0.0 |       0 |       2 |   0.0 |   106
               +---------+---------+-------+---------+---------+-------+---------
